Zazza, neutral female human Tourist ----- ...Wf.| ..B@..| ......+ +---- Zazza the Rambler Experience level: 1 Strength: 11 Dexterity: 16 Constitution: 16 Intelligence: 14 Wisdom: 7 Charisma: 12 Health: 0(10) Energy: 2(2) Def: 0 Gold: 284 Moves: 1397 Dungeon seed: oKLlbKYGMfnA1K-V Game ID: Zazza_1597858959 Your Inventory: Coins $ - 284 gold pieces Weapons a - 35 +2 darts (in quiver) q - 10 blessed +1 arrows Armor e - an uncursed +0 Hawaiian shirt (being worn) Comestibles b - 4 uncursed food rations c - an uncursed slime mold f - 2 uncursed eggs g - an uncursed orange h - an uncursed pancake i - an uncursed tripe ration s - an uncursed fortune cookie x - an uncursed lichen corpse Scrolls k - an uncursed scroll of magic mapping w - 2 uncursed scrolls of create monster H - 2 cursed scrolls of magic mapping Spellbooks u - an uncursed spellbook of blank paper Potions j - 4 uncursed potions of extra healing p - 2 uncursed potions of water t - a blessed potion of restore ability v - an uncursed potion of oil B - a blessed potion of healing E - a cursed potion of restore ability G - a cursed potion of gain level Wands A - a wand of probing (0:3) C - a cursed wand of light (0:11) D - a cursed wand of slow monster (0:6) F - a cursed wand of teleportation (0:4) Tools m - an expensive camera (0:35) n - an uncursed credit card o - an uncursed tin opener Gems y - an uncursed worthless piece of yellowish brown glass z - an uncursed worthless piece of red glass N - an uncursed worthless piece of white glass Spells and supernatural/magical abilities: Name Level Category Fail Memory W - pray for help -- divine ? -- Your skills at the end: Fighting Skills Weapon Skills dart [Basic] Spellcasting Skills Final Attributes: You were nominally aligned. You are dead. Vanquished creatures: a large kobold 2 yellow molds a gnome zombie a gecko 4 jackals 2 kobolds 2 goblins 2 sewer rats 3 grid bugs 5 lichens 2 newts 25 creatures vanquished. Voluntary challenges: You never hit with a wielded weapon. You read items or engraved 3 times, starting on turn 310. You never genocided any monsters. You never polymorphed an object. You never changed form. You used no wishes. You never split a pudding. You never wrote Elbereth's name. You never violated your personal moral code. Dungeon overview: The Dungeons of Doom: levels 1 to 5 Level 1 a fountain a long staircase Level 2 a scroll shop, a fountain Level 3 a fountain Level 4 a fountain a long staircase Level 5 <- You were here History has recorded: On T:1 you entered the Dungeons of Doom to retrieve the Amulet of Yendor! On T:352 you reached level 2 of The Dungeons of Doom. On T:693 you reached level 3 of The Dungeons of Doom. On T:1022 you reached level 4 of The Dungeons of Doom. On T:1397 you reached level 5 of The Dungeons of Doom. Score breakdown: Gold: 282 ( 8340 points) Experience: 1 level ( 0 points) Exploration: 5 levels ( 10.64%) ( 8846 points) Discoveries: 1 item ( 0.34%) ( 1737 points) Valuables value: (no points given unless you survive) Artifact value: 0 ( 0 points) Variety of kills: 11 monsters ( 2.89%) ( 5097 points) Turncount: 1397 turns ( 0 points) Survival: died (score multiplied by 80%) Total score: 19216 Latest messages: You sense a monster nearby! (2x) You can see again. You see here a lichen corpse. x - a lichen corpse. Please move the cursor to an unknown object. Never mind. Armand is hit by a rock! You displace Armand. You hear the chime of a cash register. A - a jeweled wand. B - a fizzy potion. C - an aluminum wand. D - a forked wand. E - a sky blue potion. F - an ebony wand. G - a puce potion. H - 2 scrolls of magic mapping. j - 2 uncursed potions of extra healing. There is a staircase up here. There are many more objects here. Armand misses Zazza's ghost. Zazza's ghost touches you! The giant bat bites! (2x) You die... Final status: Aloha Zazza the Tourist, killed by a giant bat... You died in The Dungeons of Doom on dungeon level 5 with 19216 points, and 284 pieces of gold, after 1397 moves. You were level 1 with a maximum of 10 hit points when you died.